 Dungeon Crawl Stone Soup version 0.27.1-1-g398f81649c (webtiles) character file.

Game seed: 12368006418238710001

107 Descartes the Sneak (level 4, -6/21 HPs)
             Began as a Felid Monk on Sept 12, 2021.
             Killed by nerve-wracking pain
             ... invoked by an orc priest
              (10 damage)
             ... on level 3 of the Dungeon.
             The game lasted 00:06:10 (3769 turns).

Descartes the Sneak (Felid Monk)                    Turns: 3769, Time: 00:06:11

Health: -6/21      AC:  1    Str:  8    XL:     4   Next: 57%
Magic:  5/5        EV: 20    Int: 17    God:
Gold:   72         SH:  0    Dex: 18    Spells: 3/3 levels left
                                        Lives:  0   Deaths: 1

rFire    . . .     SeeInvis +     - Unarmed
rCold    . . .     Faith    .   (shield unavailable)
rNeg     . . .     Spirit   .   (armour unavailable)
rPois    .         Reflect  .   (helmet unavailable)
rElec    .         Harm     .   (cloak unavailable)
rCorr    .         Rampage  .   (gloves unavailable)
Will     .....                  (boots unavailable)
Stlth    +++.......             (no amulet)
HPRegen  0.07/turn              b - +6 ring of intelligence
MPRegen  0.09/turn              (no ring)

@: quick
A: very small, claws 1, fangs 3, see invisible, speed 1, shaggy fur 1, stealthy
paws, no weapons or thrown items, no armour, multi-lived
a: no special abilities


You were on level 3 of the Dungeon.
You visited 1 branch of the dungeon, and saw 4 of its levels.

You collected 138 gold pieces.
You spent 66 gold pieces at shops.

Inventory:

Jewellery
 b - a +6 ring of intelligence (left paw)
Scrolls
 f - a scroll of fear {unknown}
 i - a scroll of fog {unknown}
 k - 2 scrolls of identify
 l - a scroll of torment {unknown}
 m - a scroll of holy word {unknown}
 n - a scroll of enchant armour {unknown}
Potions
 a - a potion of lignification
 c - a potion of mutation {unknown}
 d - a potion of haste {unknown}
 g - a potion of magic
 h - a potion of might {unknown}
 j - a potion of flight {unknown}


   Skills:
 - Level 3.0 Fighting
 + Level 5.1 Dodging
 * Level 5.9 Stealth
 + Level 3.8 Unarmed Combat


You had 3 spell levels left.
You didn't know any spells.
Your spell library was empty.

Dungeon Overview and Level Annotations

Branches:
Dungeon (4/15)
 Temple: D:4-7

Altars:
Okawaru

Shops:
D:2 *


Innate Abilities, Weirdness & Mutations

You have sharp claws.
You have razor-sharp teeth.
You have supernaturally acute eyesight. (SInv)
You cover ground quickly. (Speed+)
You are covered in fur. (AC +1)
Your paws help you pounce on unaware monsters.
You are incapable of wielding weapons or throwing items.
You cannot wear armour.
You gain extra lives every three experience levels.


Message History

k - 2 scrolls of identify (gained 1)
An orc comes into view. It is wielding a +0 trident.
The orc shouts!
An orc and an orc priest come into view.
The orc priest shouts!
An orc comes into view. It is wielding a +0 hand axe.
The orc misses you. The orc closely misses you. The orc barely misses you.
There is a stone staircase leading up here.
You climb upwards.
There is a stone staircase leading down here.
The orc priest shouts!
You can't go down here!
The orc priest barely misses you.
You scratch the orc priest but do no damage.
The orc priest invokes the aid of Beogh against you.
Beogh smites you!
Ouch! That really hurt!
You are too injured to fight recklessly!
You are too injured to fight recklessly!
You are too injured to fight recklessly!
You scratch the orc priest but do no damage.
The orc priest closely misses you.
You scratch the orc priest but do no damage.
The orc priest looks encouraged for a moment.
You closely miss the orc priest.
You bite the orc priest, but do no damage.
The orc priest hits you with a +0 short sword.
You scratch the orc priest but do no damage.
The orc priest hits you with a +0 short sword.
* * * LOW HITPOINT WARNING * * *
Unknown command.
You scratch the orc priest but do no damage.
The orc priest misses you.
You scratch the orc priest.
The orc priest is moderately wounded.
The orc priest invokes the aid of Beogh against you.
Pain shoots through your body!
You die...

..##.....<........#
..##..............#
..''...)..........#
..##.....>........#
..................#
.....<)...........#
..#####..##.......###
...................>#
###...##..#.####@##.#
#)..###.#.####o##.#
#...'.....)..#.##.#
#...####.#...#.##.#
###...# #.....#.##.#
.....######....#.##.#
..........#....#'##.#
..........##...)(...#
##........##........#


You could see an orc priest.

Vanquished Creatures
  A scorpion (D:4)
  2 adders
  A worm (D:3)
  A dart slug (D:2)
  12 orcs
  10 bats
  4 endoplasms
  2 giant cockroaches (D:1)
  6 goblins
  5 hobgoblins
  2 kobolds
  A quokka (D:3)
  3 ball pythons
  3 frilled lizards (D:1)
  7 rats
60 creatures vanquished.

Notes
Turn   | Place    | Note
-------+----------+-------------------------------------------
     0 | D:1      | Descartes the Felid Monk began the quest for the Orb.
     0 | D:1      | Reached XP level 1. HP: 10/10 MP: 2/2
   161 | D:1      | Reached XP level 2. HP: 11/14 MP: 3/3
   416 | D:1      | Found a faded altar of an unknown god.
   742 | D:2      | Reached XP level 3. HP: 17/17 MP: 4/4
  1080 | D:2      | Found Iffyiwn's Assorted Antiques.
  1130 | D:2      | Bought a scroll labelled PIMIAXZ BILOMP for 24 gold pieces
  1130 | D:2      | Bought a fuming grey potion for 21 gold pieces
  1130 | D:2      | Bought a murky brown potion for 21 gold pieces
  1533 | D:3      | Found an iron altar of Okawaru.
  2498 | D:3      | Reached XP level 4. HP: 21/21 MP: 5/5
  2875 | D:2      | Reached skill level 5 in Stealth
  3398 | D:3      | Noticed a scorpion
  3414 | D:3      | HP: 1/21 [scorpion (2)]
  3423 | D:3      | Slain by a scorpion
  3424 | D:3      | Reached XP level 3. HP: -3/17 MP: 4/4
  3697 | D:3      | Noticed a scorpion
  3729 | D:4      | Killed a scorpion
  3730 | D:4      | Reached skill level 5 in Dodging
  3730 | D:4      | Reached XP level 4. HP: 21/21 MP: 5/5
  3769 | D:3      | Killed from afar by an orc priest

Illustrated notes

Levels and vault maps discovered:
D:1:      dpeg_arrival_subterranean_lakeside_camping, layout_rooms,
          chequers_ecumenical_altar_twisty, minmay_tall_x
D:2:      layout_loops_ring, serial_shops, nicolae_diamond_shop,
          grunt_decor_one_mirror, minmay_misc_feat_chi
D:3:      layout_basic, okawaru_metal_pillars_1_2
D:4:      layout_gridville, mainiacjoe_overflow_paths,
          minmay_temple_entry_mini_moons

Skill      XL: |  1  2  3  4 |
---------------+-------------+-----
Stealth        | 3 4 5 |  5.9
Dodging        | 5 |  5.1
Fighting       | |  3.0
Unarmed Combat | |  3.8

Action                   |  1- 3 |  4- 6 || total
-------------------------+-------+-------++-------
Melee: Unarmed           |   145 |    70 ||   215
       Bite              |    13 |    11 ||    24
       Punch             |     1 |       ||     1
  Use: Scroll            |     2 |       ||     2
       Potion            |     1 |     1 ||     2
 Stab: Sleeping          |    13 |     7 ||    20
       Distracted        |     1 |     1 ||     2
Armor: Skin              |     3 |     2 ||     5
Dodge: Dodged            |   126 |    37 ||   163
